 Dungeon Crawl Stone Soup version 0.23-a0-584-g44dd78f (webtiles) character file.

126 Inarius the Skirmisher (level 4, -7/37 HPs)
             Began as a Demonspawn Chaos Knight on Dec 17, 2018.
             Was a Plaything of Xom.
             Mangled by a killer bee (10 damage)
             ... on level 2 of the Dungeon.
             The game lasted 00:03:06 (1737 turns).

Inarius the Skirmisher (Demonspawn Chaos Knight)    Turns: 1737, Time: 00:03:08

Health: -7/37      AC:  5    Str: 13    XL:     4   Next: 84%
Magic:  0/4        EV: 13    Int: 19    God:    Xom [....*.]
Gold:   68         SH:  0    Dex:  9    Spells: 3/3 levels left

rFire    . . .     SeeInvis .   a - +0 hand axe (chaos)
rCold    . . .     Gourm    .   (no shield)
rNeg     . . .     Faith    .   b - +2 leather armour
rPois    .         Spirit   +   (no helmet)
rElec    .         Reflect  .   (no cloak)
rCorr    .         Harm     .   (no gloves)
MR       .....                  (no boots)
Stlth    +.........             (no amulet)
HPRegen  0.12/turn              f - -3 ring of dexterity (curse)
MPRegen  0.09/turn              (no ring)

@: brilliant, lethally poisoned (-7 -> -14)
A: hooves 1, repulsion field 1, magic shield
a: Renounce Religion


You were on level 2 of the Dungeon.
You worshipped Xom.
You were a beloved toy of Xom.
You were not hungry.

You visited 1 branch of the dungeon, and saw 2 of its levels.

You collected 68 gold pieces.

Inventory:

Hand Weapons
 a - a +0 hand axe of chaos (weapon)
Missiles
 n - 2 tomahawks (quivered)
Armour
 b - a +2 leather armour (worn)
Jewellery
 f - a cursed -3 ring of dexterity (left hand)
Scrolls
 h - a scroll of teleportation {unknown}
 i - a scroll of blinking {unknown}
 j - a scroll of remove curse {unknown}
 l - a scroll of enchant weapon {unknown}
 m - 2 scrolls of identify {unknown}
 o - a scroll of enchant armour {unknown}
 p - a scroll of random uselessness {unknown}
Potions
 e - a potion of brilliance
 g - a potion of flight {unknown}
 k - a potion of invisibility {unknown}
Comestibles
 c - 5 rations
 d - a chunk of flesh


   Skills:
 * Level 4.0 Fighting
 + Level 3.5 Axes
 + Level 2.6 Armour
 + Level 1.6 Dodging
 + Level 0.4 Stealth


You had 3 spell levels left.
You didn't know any spells.
Your spell library was empty.

Dungeon Overview and Level Annotations

Branches:
Dungeon (2/15)

Altars:
Ashenzari


Innate Abilities, Weirdness & Mutations

You have large cloven feet.
You are surrounded by a mild repulsion field. (EV +2)
When hurt, damage is shared between your health and your magic reserves.


Message History

The killer bee goes berserk!
Your kick misses the killer bee.
The killer bee is severely wounded.
The killer bee closely misses you. The killer bee stings you!
The killer bee barely misses you. The orc closely misses you.
You miss the killer bee. Your kick misses the killer bee.
The killer bee is severely wounded.
The killer bee stings you.
* * * LOW HITPOINT WARNING * * *
The killer bee barely misses you. The killer bee stings you.
* * * LOW HITPOINT WARNING * * *
You are lethally poisoned!
The killer bee poisons you! The orc closely misses you.
The killer bee barely misses you.
It was a potion of brilliance.
You feel clever all of a sudden.
Xom roars with laughter!
* * * LOW HITPOINT WARNING * * *
You feel sick. The killer bee stings you!
You die...
Xom cackles wildly!

#>....................o.....##...
#..........(.........(.(....##...
#..##...#...#.#....).###'#####...
#..####.#...#.#......# #.# #...
#..# #.#...#.#.#.######.#####...
#..####.#...#.#..........#.?)o...
.)......'........o....(..o(.o....
........#.......y..####..#.......
...######.......@..#...[.#.......
...'............<....###.#.......
...#########......#..# #.#.......
...# ##..(.....###.#....... ...#
#.(####.............. ...###
#..#..#..##.##.###... .....#
#..#..#..##.##.# #### .....#
#####..#......#'##.# # .....#
#......#.##........## #


You could see a killer bee (berserk) and an orc.

Vanquished Creatures
  A jelly (D:2)
  An orc priest (D:2)
  3 adders (D:2)
  2 worms (D:2)
  2 leopard geckos
  4 orcs (D:2)
  A goblin (D:1)
  3 hobgoblins
  A quokka (D:2)
  8 bats
  2 frilled lizards
  2 kobolds
  5 rats
35 creatures vanquished.

Notes
Turn   | Place    | Note
-------+----------+-------------------------------------------
     0 | D:1      | Inarius the Demonspawn Chaos Knight began the quest for the
                  | Orb.
     0 | D:1      | Reached XP level 1. HP: 18/18 MP: 1/1
   288 | D:1      | Gained mutation: When hurt, damage is shared between your
                  | health and your magic reserves. [demonic ancestry]
   288 | D:1      | Reached XP level 2. HP: 24/24 MP: 2/2
   749 | D:2      | Reached skill level 1 in Dodging
   813 | D:2      | XOM: medium Chrm miscast
   923 | D:2      | XOM: potion effect (haste)
   940 | D:2      | Gained mutation: You are surrounded by a mild repulsion
                  | field. (EV +2) [demonic ancestry]
   940 | D:2      | Reached XP level 3. HP: 24/29 MP: 3/3
  1147 | D:2      | XOM: 1-stop teleportation journey
  1177 | D:2      | XOM: confuse monster(s)
  1180 | D:2      | XOM: enchant monster (bad)
  1182 | D:2      | XOM: 1-stop teleportation journey
  1472 | D:2      | Found a shattered altar of Ashenzari.
  1476 | D:2      | Gained mutation: You have large cloven feet. [demonic
                  | ancestry]
  1476 | D:2      | Reached XP level 4. HP: 36/37 MP: 4/4
  1556 | D:2      | Reached skill level 4 in Fighting
  1737 | D:2      | Mangled by a killer bee

Vault maps used:
D:1:      saegor_arrival_simple_d, minmay_tetromino_l2
D:2:      cheibrodos_pilgrimage, ashenzari_altar_1

Skill      XL: |  1  2  3  4 |
---------------+-------------+-----
Armour         | 2 |  2.6
Axes           | 3 |  3.5
Dodging        | 1 |  1.6
Fighting       | 4 |  4.0
Stealth        | |  0.4

Action                   |  1- 3 |  4- 6 || total
-------------------------+-------+-------++-------
Melee: Hand axe          |   105 |    29 ||   134
       Kick              |       |     4 ||     4
Throw: Tomahawk          |     2 |       ||     2
  Use: Scroll            |     1 |       ||     1
       Potion            |       |     1 ||     1
  Eat: Chunk             |     2 |     1 ||     3
Armor: Leather armour    |    52 |    13 ||    65
Dodge: Dodged            |    66 |    41 ||   107

Table legend:
 A = Non-vault XP
 B = Vault XP
 C = Vault XP percentage of total XP
 D = Non-vault monster count
 E = Vault monster count
 F = Vault count percentage of total count
                 A         B        C        D         E       F
            +---------+---------+-------+---------+---------+-------
      Total |     128 |      53 |  29.3 |      29 |       6 |  17.1
            +---------+---------+-------+---------+---------+-------
        D:1 |      18 |       1 |   5.3 |      13 |       1 |   7.1
        D:2 |     110 |      52 |  32.1 |      16 |       5 |  23.8
            +---------+---------+-------+---------+---------+-------
